 Dungeon Crawl Stone Soup version 0.30.1-11-g7821555f0a (webtiles) character file.

Game seed: 9326710299734083084

23 MirrMurr the Poker (level 2, 0/19 HPs)
             Began as a Tengu Berserker on Dec 2, 2023.
             Was a Follower of Trog.
             Slain by Sigmund
             ... wielding a +2 scythe of protection
              (6 damage)
             ... on level 2 of the Dungeon.
             The game lasted 00:02:30 (1290 turns).

MirrMurr the Poker (Tengu Berserker)                Turns: 1290, Time: 00:02:31

Health: 0/19       AC:  3    Str: 17    XL:     2   Next: 95%
Magic:  3/3        EV: 12    Int:  7    God:    Trog [*.....]
Gold:   73         SH:  0    Dex: 13    Spells: 1/1 levels left

rFire   . . .        a - +0 spear
rCold   . . .        (no shield)
rNeg    . . .        b - +0 animal skin
rPois   .            (helmet restricted)
rElec   .            (no cloak)
rCorr   .            n - +0 pair of gloves
SInv    .            (boots unavailable)
Will    .....        (no amulet)
Stlth   +            (no ring)
HPRegen 0.23/turn    (no ring)
MPRegen 0.08/turn

%: no passive effects
@: on berserk cooldown, slowed, very slow
A: beak, talons 3
a: Renounce Religion, Berserk


You were on level 2 of the Dungeon.
You worshipped Trog.
Trog was aware of your devotion.
You visited 1 branch of the dungeon, and saw 2 of its levels.

You collected 73 gold pieces.

Inventory:

Hand Weapons
 a - a +0 spear (weapon)
Missiles
 f - 22 stones (quivered)
Armour
 b - a +0 animal skin (worn)
 n - a +0 pair of gloves (worn)
Jewellery
 e - an amulet of the acrobat
Scrolls
 c - a scroll of vulnerability {unknown}
 d - 2 scrolls of enchant weapon {unknown}
 g - a scroll of fog {unknown}
 h - 2 scrolls of teleportation {unknown}
 i - a scroll of summoning {unknown}
 k - a scroll of fear {unknown}
 m - a scroll of enchant armour {unknown}
Potions
 j - a potion of mutation {unknown}
 l - a potion of might {unknown}


   Skills:
 + Level 3.3 Fighting
 * Level 4.0 Polearms
 + Level 2.2 Armour
 + Level 2.3 Dodging


You had one spell level left.
You didn't know any spells.
Your spell library was empty.

Dungeon Overview and Level Annotations

Branches:
Dungeon (2/15)

Altars:

Annotations:
D:2 Sigmund


Innate Abilities, Weirdness & Mutations

You have a beak for a mouth.
You have claws for feet.


Message History

There is a stone staircase leading up here.
Sigmund the Dreaded comes into view.
He is wielding a +2 scythe of protection.
Sigmund shouts!
Sigmund casts a spell.
Sigmund flickers and vanishes!
Deactivating autopickup; reactivate with Ctrl-A.
There is a stone staircase leading up here.
There is a stone staircase leading up here.
You climb upwards.
Reactivating autopickup.
There is a stone staircase leading down here.
You start waiting.
Done waiting.
You climb downwards.
Level annotation: Sigmund
There is a stone staircase leading up here.
A red film seems to cover your vision as you go berserk!
You feel yourself moving faster!
You feel mighty!
You feel a strong urge to attack something.
You reach to attack!
You puncture Sigmund!
Sigmund is moderately wounded.
Sigmund hits you from afar with a +2 scythe of protection!
You reach to attack!
You hit Sigmund but do no damage.
Sigmund is moderately wounded.
You reach to attack!
You barely miss Sigmund.
Sigmund is moderately wounded.
Sigmund mumbles some strange words.
Sigmund flickers and vanishes!
Deactivating autopickup; reactivate with Ctrl-A.
No target in view!
No target in view!
No target in view!
No target in view!
You feel a strong urge to attack something.
There is a stone staircase leading up here.
You are no longer berserk.
You are exhausted.
You feel yourself slow down. Something hits you! Something hits you.
You die...

#.................##...##
#..........#####..#....#
####............##.##.##.##
#. #...[........##.#.)##...
#P.#............#...>####.#
#..#................## #.#
#P.#..............### #..
#..#.............## ##.
#..#......@......####### ##
#. #.....<.............. ..
####.............###..#####
#.......<.#......... #####
#.........###...#######...
#..............####.....##
#####.....###..###..######
##.##.####..##..## #
#..##..##...#>.## #


There were no monsters in sight!

Vanquished Creatures
  An adder (D:2)
  A dart slug (D:2)
  2 bats
  A giant cockroach (D:1)
  3 hobgoblins
  A frilled lizard (D:2)
  2 kobolds (D:1)
  A rat (D:1)
12 creatures vanquished.

Notes
Turn   | Place    | Note
-------+----------+-------------------------------------------
     0 | D:1      | MirrMurr the Tengu Berserker began the quest for the Orb.
     0 | D:1      | Reached XP level 1. HP: 14/14 MP: 2/2
   541 | D:1      | Reached XP level 2. HP: 19/19 MP: 3/3
  1081 | D:2      | Reached skill level 4 in Polearms
  1155 | D:2      | Noticed Sigmund
  1290 | D:2      | Slain by Sigmund

Illustrated notes

Levels and vault maps discovered:
D:1:      saegor_arrival_simple_d, layout_basic
D:2:      layout_rooms, serial_aquarium, aquarium_bridge_square
          [aquarium_subvault_balcony, aquarium_subvault_bridge,
          aquarium_subvault_bridge, aquarium_subvault_bridge],
          aquarium_bridge_square [aquarium_subvault_window,
          aquarium_subvault_balcony, aquarium_subvault_wall,
          aquarium_subvault_bridge], aquarium_window_1, aquarium_window_fake,
          aquarium_view_2c, dilly_ecumenical_altar_fadedgnrine,
          minmay_distorted, uniq_sigmund

Skill      XL: |  1  2 |
---------------+-------+-----
Polearms       | 4 |  4.0
Fighting       | |  3.3
Armour         | |  2.2
Dodging        | |  2.3

Action                     || total
---------------------------++-------
  Melee: Spear             ||    39
         Kick              ||     5
         Peck              ||     7
  Throw: Stone             ||     1
 Invoke: Berserk           ||     1
 Armour: Animal skin       ||     4
  Dodge: Dodged            ||    10
